[Event "47th GRE-chT 2019"]
[Site "Patra"]
[Date "2019.07.05"]
[Round "5.32"]
[White "Mastrovasilis, Athanasios"]
[Black "Tzermiadianos, Andreas"]
[Result "1/2-1/2"]
[ECO "D30"]
[WhiteElo "2518"]
[BlackElo "2438"]
[Annotator "RC"]
[PlyCount "84"]
[EventDate "2019.07.02"]
[EventCountry "GRE"]
[SourceTitle "playchess.com"]
[Source "ChessBase"]
[SourceQuality "1"]
[TimeControl "5400+30"]

1. d4 Nf6 2. Nf3 e6 3. e3 d5 4. c4 c5 5. cxd5 exd5 6. Bb5+ Bd7 7. Bxd7+ Nbxd7 8. dxc5 Nxc5 9. O-O Be7 10. Bd2 O-O 11. Bc3 Nfe4 12. Bd4 Ne6 13. Nc3 Nxd4 14. Nxd4 Nxc3 15. bxc3 Qd7 16. Qb3 Rac8 17. Rad1 Rc4 18. Rd3 Rfc8 19. Rfd1 R8c5 20. Ne2 Bf6 21. g3 Qc6 22. Nf4 Rxc3 23. Rxc3 Rxc3 24. Qxd5 g6 25. Qxc6 bxc6 26. Rd3 Rxd3 27. Nxd3 Bc3 28. e4 Kf8 29. Kf1 Ke7 30. Ke2 Kd6 31. Kd1 f5 32. f3 fxe4 33. fxe4 h5 34. Kc2 Be5 35. Ne1 g5 36. Kd3 g4 37. Ng2 Kc5 38. Ne3 Bd4 39. Nf5 Bg1 40. Ng7 Bxh2 41. Nxh5 Kd6 42. Nf6 Bxg3 1/2-1/2

[Event "47th GRE-chT 2019"]
[Site "Patra"]
[Date "2019.07.05"]
[Round "5.33"]
[White "Papadopoulos, Nikolaos"]
[Black "Malikentzos, Sotirios"]
[Result "1-0"]
[ECO "E01"]
[WhiteElo "2272"]
[BlackElo "2428"]
[Annotator "NA"]
[PlyCount "115"]
[EventDate "2019.07.02"]
[EventCountry "GRE"]
[SourceTitle "playchess.com"]
[Source "ChessBase"]
[SourceQuality "1"]
[TimeControl "5400+30"]

1. d4 Nf6 2. c4 e6 3. Nf3 d5 4. g3 Bb4+ 5. Bd2 Bd6 6. Bg2 c6 7. Qc2 Nbd7 8. O-O O-O 9. Bg5 h6 10. Bxf6 Nxf6 11. Nbd2 b6 12. e4 Be7 13. e5 Nd7 14. cxd5 cxd5 15. Rfc1 Nb8 16. Bf1 Bd7 17. a3 a5 18. Qd3 a4 19. Rc2 b5 20. Rac1 b4 21. Qe3 Qb6 22. h4 Nc6 23. h5 Rac8 24. Kg2 Na5 25. axb4 Qxb4 26. Ne1 Rxc2 27. Rxc2 Nc6 28. Ndf3 Rc8 29. Nd3 Qb3 30. Rc3 Qb6 31. Rc2 Nb4 32. Rxc8+ Bxc8 33. Nc5 Qc6 34. Qc3 Bxc5 35. dxc5 Na6 36. Bxa6 Bxa6 37. Nd4 Qc7 38. f4 Qb8 39. Kf2 Bc4 40. Ke1 Qb7 41. Kd2 Kf8 42. c6 Qb6 43. Qa3+ Kg8 44. Kc3 Bf1 45. Qb4 Qa6 46. Qc5 Qd3+ 47. Kb4 Qxg3 48. c7 Ba6 49. Ka5 Bc8 50. Nc6 Kh7 51. Qc2+ g6 52. Ne7 a3 53. b4 d4 54. hxg6+ fxg6 55. Nxc8 d3 56. Ne7 a2 57. Qxa2 Qe3 58. c8=Q 1-0

[Event "47th GRE-chT 2019"]
[Site "Patra"]
[Date "2019.07.05"]
[Round "5.34"]
[White "Kalogeris, Ioannis"]
[Black "Gazis, Efstathios"]
[Result "1-0"]
[ECO "E38"]
[WhiteElo "2376"]
[BlackElo "2177"]
[Annotator "NA RC"]
[PlyCount "91"]
[EventDate "2019.07.02"]
[EventCountry "GRE"]
[SourceTitle "playchess.com"]
[Source "ChessBase"]
[SourceQuality "1"]
[TimeControl "5400+30"]

1. d4 e6 2. c4 Nf6 3. Nc3 Bb4 4. Qc2 c5 5. dxc5 Bxc5 6. Nf3 b6 7. Bg5 Bb7 8. e3 Nc6 9. a3 Rc8 10. Rd1 Be7 11. e4 h6 12. Bh4 Nh5 13. Bxe7 Qxe7 14. Qd2 O-O 15. Qxd7 Rfd8 16. Qxe7 Nxe7 17. Rxd8+ Rxd8 18. Ne5 f5 19. exf5 Nxf5 20. f3 Ne3 21. g3 Nf6 22. Bh3 Nf5 23. Ke2 Nd4+ 24. Kf2 Nd7 25. Nxd7 Bxf3 26. Bxe6+ Nxe6 27. Kxf3 Rxd7 28. Nd5 b5 29. b3 Nd4+ 30. Ke4 Nxb3 31. cxb5 Nd2+ 32. Kd4 Nb3+ 33. Ke5 Nd2 34. Ke6 Rb7 35. a4 Nb3 36. Kd6 Kh7 37. Re1 Nd4 38. Re4 Nf3 39. Re7 Rb8 40. Rxa7 Nxh2 41. b6 Nf1 42. Nf6+ Kg6 43. Nd7 Rg8 44. b7 Nxg3 45. Ra8 Ne4+ 46. Kc7 1-0

[Event "47th GRE-chT 2019"]
[Site "Patra"]
[Date "2019.07.05"]
[Round "5.35"]
[White "Radeva, Viktoria"]
[Black "Zawadzka, Jolanta"]
[Result "0-1"]
[ECO "B59"]
[WhiteElo "2247"]
[BlackElo "2422"]
[Annotator "NA RC"]
[PlyCount "70"]
[EventDate "2019.07.02"]
[EventCountry "GRE"]
[SourceTitle "playchess.com"]
[Source "ChessBase"]
[SourceQuality "1"]
[TimeControl "5400+30"]

1. e4 c5 2. Nf3 d6 3. d4 cxd4 4. Nxd4 Nf6 5. Nc3 Nc6 6. Be2 e5 7. Nb3 Be7 8. O-O O-O 9. Be3 a5 10. a4 Nb4 11. Qd2 Be6 12. Rfd1 Qc7 13. Bg5 Rfd8 14. Bf3 h6 15. Bxf6 Bxf6 16. Nc1 Bg5 17. Qe2 Bc4 18. Nd3 Nc6 19. Rf1 Nd4 20. Qd1 f5 21. exf5 d5 22. Be2 Nxe2+ 23. Nxe2 e4 24. Ndc1 d4 25. Nb3 d3 26. Ned4 Bxb3 27. Nxb3 Qxc2 28. Rb1 Rd5 29. Na1 Qxd1 30. Rbxd1 Rc8 31. g3 Rxf5 32. Nb3 Rd5 33. Rfe1 d2 34. Rf1 Rc2 35. Rb1 Rd3 0-1

[Event "47th GRE-chT 2019"]
[Site "Patra"]
[Date "2019.07.05"]
[Round "5.36"]
[White "Pasoglou, Ekaterini"]
[Black "Grafakou, Sotiria-Aphrodite"]
[Result "1/2-1/2"]
[ECO "D03"]
[WhiteElo "1804"]
[BlackElo "1684"]
[Annotator "NA RC"]
[PlyCount "82"]
[EventDate "2019.07.02"]
[EventCountry "GRE"]
[SourceTitle "playchess.com"]
[Source "ChessBase"]
[SourceQuality "1"]
[TimeControl "5400+30"]

1. d4 Nf6 2. Nf3 e6 3. Bg5 d5 4. e3 c5 5. c3 Nbd7 6. Bd3 Bd6 7. Nbd2 O-O 8. O-O h6 9. Bxf6 Nxf6 10. Ne5 Nd7 11. f4 f5 12. Nxd7 Bxd7 13. Nf3 Qe8 14. Qe2 Qe7 15. Ne5 Bxe5 16. dxe5 c4 17. Bc2 b5 18. g4 g6 19. gxf5 gxf5 20. Qh5 Kh7 21. Kf2 Be8 22. Qh3 Bg6 23. Rg1 Rg8 24. Ke2 Rg7 25. Rg3 Rag8 26. Rag1 Be8 27. Kd2 Rxg3 28. hxg3 Qg7 29. g4 h5 30. Rg2 Kh8 31. g5 Qg6 32. Bd1 Rg7 33. Rh2 Rh7 34. Qg3 Qg8 35. Rh4 Bg6 36. Qh2 Qe8 37. Kc1 Qf7 38. Bf3 Qe8 39. Bd1 Qf7 40. Bf3 Qe8 41. Bd1 Qf7 1/2-1/2

[Event "47th GRE-chT 2019"]
[Site "Patra"]
[Date "2019.07.05"]
[Round "5.37"]
[White "Gkika, Marina"]
[Black "Pasoglou, Nikoleta"]
[Result "0-1"]
[ECO "B32"]
[WhiteElo "1309"]
[BlackElo "1258"]
[Annotator "NA"]
[PlyCount "110"]
[EventDate "2019.07.02"]
[EventCountry "GRE"]
[SourceTitle "playchess.com"]
[Source "ChessBase"]
[SourceQuality "1"]
[TimeControl "5400+30"]

1. e4 c5 2. Nf3 Nc6 3. d4 cxd4 4. Nxd4 e5 5. Nb5 d6 6. c4 Nf6 7. N1c3 a6 8. Na3 Be7 9. f3 Be6 10. Be3 O-O 11. Be2 Ne8 12. O-O Bg5 13. f4 exf4 14. Bxf4 Bxf4 15. Rxf4 Qb6+ 16. Kh1 Qxb2 17. Qc1 Qxc1+ 18. Rxc1 Ne5 19. Rff1 Nf6 20. Rfd1 Rfd8 21. Rd4 Kf8 22. Rcd1 Ke7 23. Nd5+ Bxd5 24. exd5 Ned7 25. Nc2 Nc5 26. Re1 Kf8 27. Bf3 Re8 28. Rdd1 Nfd7 29. Ne3 Ne5 30. Be2 Ne4 31. Kg1 Rac8 32. Bd3 Nc3 33. Rd2 Nxd3 34. Rxd3 Ne4 35. Rc1 Nc5 36. Ra3 Re5 37. Kf2 Rce8 38. Kf3 Ke7 39. g4 g6 40. h4 Kf8 41. Rb1 R8e7 42. Rb6 Rd7 43. Rb2 h5 44. Rg2 Rc7 45. gxh5 Rxh5 46. Rg4 Nd7 47. Rf4 Ne5+ 48. Kg3 Kg7 49. Rc3 b5 50. Ra3 Nxc4 51. Nxc4 bxc4 52. Rd4 c3 53. Raa4 c2 54. Rac4 c1=Q 55. Rxc1 Rxc1 0-1

[Event "47th GRE-chT 2019"]
[Site "Patra"]
[Date "2019.07.05"]
[Round "5.38"]
[White "Kazakos, Markos"]
[Black "Gkikas, Vasilios"]
[Result "1-0"]
[ECO "A37"]
[WhiteElo "2069"]
[BlackElo "1950"]
[Annotator "NA RC"]
[PlyCount "71"]
[EventDate "2019.07.02"]
[EventCountry "GRE"]
[SourceTitle "playchess.com"]
[Source "ChessBase"]
[SourceQuality "1"]
[TimeControl "5400+30"]

1. Nf3 c5 2. g3 g6 3. Bg2 Bg7 4. c4 Nc6 5. Nc3 e5 6. O-O Nge7 7. Ne1 O-O 8. Nc2 d6 9. Ne3 Rb8 10. Rb1 a6 11. a3 b5 12. cxb5 axb5 13. b4 cxb4 14. axb4 Be6 15. Ned5 Nxd5 16. Nxd5 Ne7 17. Qb3 Kh8 18. d3 h6 19. Bd2 Qd7 20. Ra1 Rfc8 21. Ra6 Rc6 22. Rfa1 Rxa6 23. Rxa6 Nc6 24. Qa3 Ne7 25. Ra7 Rb7 26. Ra8+ Kh7 27. Nxe7 Qxe7 28. Bxb7 Qxb7 29. Ra7 Qb6 30. Ra6 Qc7 31. Qc3 Qb8 32. Qc6 d5 33. Ra8 Bd7 34. Qxd5 Be6 35. Rxb8 Bxd5 36. Rxb5 1-0

[Event "47th GRE-chT 2019"]
[Site "Patra"]
[Date "2019.07.05"]
[Round "5.39"]
[White "Kolyvas-Dimitrakarakos, Panagiot"]
[Black "Tsarsitalidis, Konstantinos"]
[Result "1/2-1/2"]
[ECO "D85"]
[WhiteElo "1468"]
[BlackElo "2001"]
[Annotator "NA RC"]
[PlyCount "66"]
[EventDate "2019.07.02"]
[EventCountry "GRE"]
[SourceTitle "playchess.com"]
[Source "ChessBase"]
[SourceQuality "1"]
[TimeControl "5400+30"]

1. d4 Nf6 2. c4 g6 3. Nc3 d5 4. cxd5 Nxd5 5. e4 Nxc3 6. bxc3 Bg7 7. Bg5 O-O 8. Rc1 c5 9. d5 f5 10. Bc4 Kh8 11. Qe2 fxe4 12. Qxe4 Bf5 13. Qe3 Nd7 14. d6 Qa5 15. dxe7 Rfe8 16. Nf3 Bg4 17. Bf7 Bxf3 18. gxf3 Qb5 19. f4 Nf6 20. Qe6 Ng8 21. Bxe8 Rxe8 22. c4 Qa5+ 23. Kf1 Qd2 24. Kg2 Bd4 25. Rcf1 Qc2 26. Qd7 Qe4+ 27. f3 Qe2+ 28. Kg3 Rxe7 29. Bxe7 Nxe7 30. Qd8+ Kg7 31. Qd7 Kh8 32. Qd8+ Kg7 33. Qd7 Kh8 1/2-1/2

[Event "47th GRE-chT 2019"]
[Site "Patra"]
[Date "2019.07.05"]
[Round "5.40"]
[White "Tsarsitalidis, Christos"]
[Black "Gioutsos, Vasileios"]
[Result "1/2-1/2"]
[ECO "C42"]
[WhiteElo "1802"]
[BlackElo "1426"]
[Annotator "NA RC"]
[PlyCount "86"]
[EventDate "2019.07.02"]
[EventCountry "GRE"]
[SourceTitle "playchess.com"]
[Source "ChessBase"]
[SourceQuality "1"]
[TimeControl "5400+30"]

1. e4 e5 2. Nf3 Nf6 3. Nxe5 d6 4. Nf3 Nxe4 5. Nc3 Nxc3 6. dxc3 Be7 7. Bd3 Nc6 8. Be3 Bg4 9. Qd2 Bxf3 10. gxf3 Qd7 11. O-O-O O-O-O 12. Bb5 Bf6 13. Bxa7 Qf5 14. Bxc6 bxc6 15. Bd4 Qxf3 16. a4 Rhe8 17. Rhe1 h6 18. Bxf6 Qxf6 19. a5 Re5 20. c4 Rf5 21. Re2 Qg5 22. Qxg5 Rxg5 23. Re7 Rxa5 24. Rxf7 Ra1+ 25. Kd2 Rxd1+ 26. Kxd1 Rd7 27. Rf3 Re7 28. Kd2 Kd7 29. Kd3 Re6 30. Rg3 Re7 31. b4 Rf7 32. h4 Ke6 33. Ke3 Re7 34. Kf4 Rf7+ 35. Ke4 g5 36. hxg5 hxg5 37. Rxg5 Rxf2 38. Rg7 Rf7 39. Rg2 d5+ 40. cxd5+ cxd5+ 41. Kd4 Rf4+ 42. Kc3 Rc4+ 43. Kb3 Ke5 1/2-1/2

[Event "47th GRE-chT 2019"]
[Site "Patra"]
[Date "2019.07.05"]
[Round "6.1"]
[White "Macieja, Bartlomiej"]
[Black "David, Alberto"]
[Result "1-0"]
[ECO "D37"]
[WhiteElo "2500"]
[BlackElo "2553"]
[Annotator "ChessBase"]
[PlyCount "55"]
[EventDate "2019.07.02"]
[EventCountry "GRE"]
[SourceTitle "playchess.com"]
[Source "ChessBase"]
[SourceQuality "1"]
[TimeControl "5400+30"]

1. Nf3 d5 2. d4 Nf6 3. c4 e6 4. Nc3 dxc4 5. e4 b5 6. e5 Nd5 7. Nxb5 Nb6 8. Be2 Nc6 9. O-O Be7 10. Na3 Bxa3 11. bxa3 Bb7 12. Be3 Qd5 13. Qc2 O-O 14. Ng5 Qxg2+ 15. Kxg2 Nxd4+ 16. Qe4 Bxe4+ 17. Nxe4 Nxe2 18. Rfe1 Nd7 19. Rxe2 Nxe5 20. Nd2 c3 21. Nf3 Nd3 22. Rc2 Rfd8 23. Rxc3 Rd7 24. Rb1 e5 25. Ne1 Nxe1+ 26. Rxe1 f5 27. Rc5 Re8 28. Bf4 1-0

[Event "47th GRE-chT 2019"]
[Site "Patra"]
[Date "2019.07.05"]
[Round "6.2"]
[White "Safarli, Eltaj"]
[Black "Pancevski, Filip"]
[Result "1/2-1/2"]
[ECO "C95"]
[WhiteElo "2608"]
[BlackElo "2514"]
[Annotator "RC"]
[PlyCount "126"]
[EventDate "2019.07.02"]
[EventCountry "GRE"]
[SourceTitle "playchess.com"]
[Source "ChessBase"]
[SourceQuality "1"]
[TimeControl "5400+30"]

1. e4 e5 2. Nf3 Nc6 3. Bb5 a6 4. Ba4 Nf6 5. O-O Be7 6. Re1 b5 7. Bb3 d6 8. c3 O-O 9. h3 Nb8 10. d4 Nbd7 11. c4 c6 12. Nc3 b4 13. Ne2 Nxe4 14. Qc2 Nef6 15. Ng3 c5 16. dxe5 Nxe5 17. Nxe5 dxe5 18. Rxe5 Bd6 19. Re2 Qc7 20. Nf5 Bxf5 21. Qxf5 Rfe8 22. Be3 Re6 23. Qf3 Rd8 24. Rae1 Nd7 25. Bg5 Ne5 26. Qe4 Be7 27. Bf4 Bf6 28. Bc2 g6 29. Qe3 Qe7 30. Qg3 Bh4 31. Qb3 Bf6 32. Bf5 gxf5 33. Bxe5 Bg7 34. Bxg7 Rxe2 35. Rxe2 Qxe2 36. Qg3 Qd1+ 37. Kh2 Qd6 38. Be5+ Qg6 39. Qe3 Rc8 40. Bc7 Qe6 41. Qg3+ Kf8 42. Qh4 h6 43. b3 Kg7 44. Bg3 Qe4 45. Bf4 Rc6 46. f3 Qe2 47. Bg3 Qe6 48. Qf4 Kh7 49. Qb8 Qc8 50. Qe5 Qe6 51. Qb8 Rc8 52. Qf4 a5 53. Bf2 Rc6 54. Bg3 a4 55. bxa4 Ra6 56. Qb8 Rxa4 57. Be5 f6 58. Bf4 Qxc4 59. Be3 Qe6 60. Qf8 Rxa2 61. Qxh6+ Kg8 62. Qg6+ Kh8 63. Qh6+ Kg8 1/2-1/2

[Event "47th GRE-chT 2019"]
[Site "Patra"]
[Date "2019.07.05"]
[Round "6.2"]
[White "Theodorou, Nikolas"]
[Black "Mihailidis, Anastasios"]
[Result "1-0"]
[ECO "D02"]
[WhiteElo "2543"]
[BlackElo "2270"]
[Annotator "ChessBase"]
[PlyCount "57"]
[EventDate "2019.07.02"]
[EventCountry "GRE"]
[SourceTitle "playchess.com"]
[Source "ChessBase"]
[SourceQuality "1"]
[TimeControl "5400+30"]

1. d4 d5 2. Nf3 Nf6 3. c4 e6 4. g3 Bb4+ 5. Nc3 O-O 6. Bg2 c6 7. O-O Nbd7 8. Qc2 b6 9. Rd1 Bb7 10. Bf4 Rc8 11. Rac1 Qe7 12. Ne5 Nh5 13. Bd2 Bd6 14. Nxd7 Qxd7 15. e4 f5 16. exf5 exf5 17. cxd5 c5 18. dxc5 Bxc5 19. Qa4 Qf7 20. b4 Bd6 21. Qxa7 f4 22. Ne4 fxg3 23. hxg3 Bxg3 24. fxg3 Nxg3 25. Nxg3 Qf2+ 26. Kh1 Rxc1 27. Bxc1 Qxg3 28. Qxb6 Rf2 29. Qe6+ 1-0

[Event "47th GRE-chT 2019"]
[Site "Patra"]
[Date "2019.07.05"]
[Round "6.3"]
[White "Ioannidis, Evgenios"]
[Black "Halkias, Stelios"]
[Result "1/2-1/2"]
[ECO "A34"]
[WhiteElo "2378"]
[BlackElo "2553"]
[Annotator "ChessBase"]
[PlyCount "83"]
[EventDate "2019.07.02"]
[EventCountry "GRE"]
[SourceTitle "playchess.com"]
[Source "ChessBase"]
[SourceQuality "1"]
[TimeControl "5400+30"]

1. c4 c5 2. Nf3 Nc6 3. Nc3 e5 4. e3 Nf6 5. d4 e4 6. d5 exf3 7. dxc6 dxc6 8. Qxd8+ Kxd8 9. gxf3 g6 10. b3 Bg7 11. Bb2 b6 12. Bd3 Ke7 13. Ke2 Rd8 14. Rad1 Be6 15. Ne4 Ne8 16. Bxg7 Nxg7 17. Ng5 f6 18. Nxe6 Kxe6 19. Be4 Rd6 20. f4 f5 21. Bf3 Ne8 22. h4 Nf6 23. Rxd6+ Kxd6 24. h5 Kc7 25. hxg6 hxg6 26. Rh6 Rg8 27. Kd3 b5 28. Kc2 a6 29. Be2 Kb6 30. f3 Ne8 31. e4 Nc7 32. exf5 gxf5 33. Bd3 Rf8 34. Kc3 Ne8 35. a3 Rf7 36. Re6 Ng7 37. Re5 a5 38. a4 b4+ 39. Kd2 Rf6 40. Ke3 Rf7 41. Kf2 Rf6 42. Ke3 1/2-1/2

[Event "47th GRE-chT 2019"]
[Site "Patra"]
[Date "2019.07.05"]
[Round "6.3"]
[White "Fragkos, Vasilios"]
[Black "Naoum, Spyridon"]
[Result "1/2-1/2"]
[ECO "A45"]
[WhiteElo "2044"]
[BlackElo "2299"]
[Annotator "NA"]
[PlyCount "113"]
[EventDate "2019.07.02"]
[EventCountry "GRE"]
[SourceTitle "playchess.com"]
[Source "ChessBase"]
[SourceQuality "1"]
[TimeControl "5400+30"]

1. d4 Nf6 2. Bg5 g6 3. Bxf6 exf6 4. e3 d5 5. g3 Bd6 6. Bg2 c6 7. Ne2 Be6 8. Nd2 Nd7 9. e4 dxe4 10. Nxe4 Bc7 11. O-O f5 12. N4c3 Nb6 13. Re1 Qf6 14. a4 a5 15. Qd2 O-O-O 16. Qh6 Rhe8 17. Rad1 Bc4 18. b3 Bxe2 19. Rxe2 f4 20. Rxe8 Rxe8 21. Ne4 Qh8 22. Ng5 Kb8 23. Nxf7 Qf6 24. Ne5 Qf5 25. Rd3 fxg3 26. hxg3 Bxe5 27. dxe5 Rxe5 28. Qd2 Re8 29. Rf3 Qd5 30. Rd3 Qc5 31. Rd8+ Rxd8 32. Qxd8+ Ka7 33. Qd2 Nd5 34. Bxd5 Qxd5 35. Qe3+ c5 36. Qc3 Kb6 37. Qf6+ Qc6 38. Qd8+ Qc7 39. Qf6+ Ka7 40. Qe6 Qg7 41. Qc4 Qe5 42. Qd3 Qe6 43. Kg2 Qc6+ 44. f3 c4 45. Qc3 Ka6 46. g4 cxb3 47. Qxb3 b5 48. Qd3 Kb6 49. Qd4+ Kb7 50. axb5 Qxc2+ 51. Kh3 a4 52. Qd6 Qc3 53. Qa6+ Kb8 54. Qb6+ Kc8 55. Qa6+ Kb8 56. Qb6+ Kc8 57. Qa6+ 1/2-1/2

[Event "47th GRE-chT 2019"]
[Site "Patra"]
[Date "2019.07.05"]
[Round "6.4"]
[White "Georgiadis, Ioannis"]
[Black "Papadopoulos, Panayotis"]
[Result "1-0"]
[ECO "B32"]
[WhiteElo "2476"]
[BlackElo "2165"]
[Annotator "ChessBase"]
[PlyCount "89"]
[EventDate "2019.07.02"]
[EventCountry "GRE"]
[SourceTitle "playchess.com"]
[Source "ChessBase"]
[SourceQuality "1"]
[TimeControl "5400+30"]

1. e4 c5 2. Nf3 Nc6 3. d4 cxd4 4. Nxd4 e5 5. Nb5 d6 6. N1c3 a6 7. Na3 Be6 8. Nc4 Rb8 9. g3 Be7 10. Ne3 Nf6 11. Bg2 h5 12. O-O Nd4 13. Ncd5 Nxd5 14. Nxd5 Bg4 15. f3 Be6 16. Nxe7 Qxe7 17. Be3 Nc6 18. f4 Qc7 19. f5 Bc4 20. Rf2 f6 21. Rd2 Rd8 22. Qf3 Ne7 23. Rad1 Qc6 24. b3 Bf7 25. c4 Nc8 26. h3 Ke7 27. Qf2 b6 28. Rc2 a5 29. Rdc1 Qb7 30. a3 Be8 31. Rb2 Bc6 32. Qc2 Rhg8 33. b4 axb4 34. axb4 g6 35. b5 Bd7 36. Qf2 Kf7 37. Ra2 Ne7 38. Rd1 gxf5 39. exf5 d5 40. Rxd5 Qc8 41. Bxb6 Qxc4 42. Rc5 Qb3 43. Bxd8 Rxd8 44. Rd2 h4 45. g4 1-0

[Event "47th GRE-chT 2019"]
[Site "Patra"]
[Date "2019.07.05"]
[Round "6.4"]
[White "Liodakis, Konstantinos-Spyros"]
[Black "Korlotsidis, Spiridon"]
[Result "1-0"]
[ECO "B76"]
[WhiteElo "2212"]
[BlackElo "2055"]
[Annotator "NA"]
[PlyCount "73"]
[EventDate "2019.07.02"]
[EventCountry "GRE"]
[SourceTitle "playchess.com"]
[Source "ChessBase"]
[SourceQuality "1"]
[TimeControl "5400+30"]

1. e4 c5 2. Nf3 d6 3. d4 cxd4 4. Nxd4 Nf6 5. Nc3 g6 6. Be3 Bg7 7. f3 Nc6 8. Qd2 O-O 9. O-O-O Nxd4 10. Bxd4 Be6 11. g4 Qa5 12. Kb1 Rfc8 13. a3 a6 14. h4 b5 15. h5 b4 16. Ne2 Qa4 17. Nc1 bxa3 18. b3 Rab8 19. Rh2 a2+ 20. Ka1 Qa3 21. h6 Bh8 22. g5 Nd7 23. Bxh8 Kxh8 24. Qd4+ f6 25. gxf6 Nxf6 26. Rhd2 Qc5 27. Qb2 Qh5 28. Rxd6 Qxf3 29. Rxe6 Qxd1 30. Rxf6 Kg8 31. Rxg6+ Kf8 32. Rg8+ Kf7 33. Rxc8 Rxc8 34. Bc4+ Ke8 35. Be6 Rc3 36. Qxc3 Qxc1+ 37. Kxa2 1-0

[Event "47th GRE-chT 2019"]
[Site "Patra"]
[Date "2019.07.05"]
[Round "6.5"]
[White "Michna, Marta"]
[Black "Antova, Gabriela"]
[Result "1-0"]
[ECO "A00"]
[WhiteElo "2358"]
[BlackElo "2257"]
[Annotator "NA"]
[PlyCount "117"]
[EventDate "2019.07.02"]
[EventCountry "GRE"]
[SourceTitle "playchess.com"]
[Source "ChessBase"]
[SourceQuality "1"]
[TimeControl "5400+30"]

1. b4 d5 2. Bb2 Nf6 3. e3 g6 4. Nf3 Bg7 5. c4 c6 6. Qb3 O-O 7. Nc3 a5 8. b5 dxc4 9. Bxc4 Nbd7 10. Na4 Ne4 11. Bxg7 Kxg7 12. bxc6 bxc6 13. O-O e5 14. Qc2 Nef6 15. Be2 Bb7 16. Rab1 Qc7 17. Nc5 Nxc5 18. Qxc5 Nd7 19. Qc3 Ba6 20. Bxa6 Rxa6 21. Rfc1 Rc8 22. d4 exd4 23. Nxd4 Kg8 24. Qc4 Rb6 25. Rxb6 Nxb6 26. Qc5 Nd7 27. Qxc6 Qxc6 28. Rxc6 Rb8 29. Kf1 Rb1+ 30. Ke2 h5 31. Rc2 Nf6 32. Nb3 a4 33. Nc5 a3 34. Nd3 Nd5 35. e4 Nb4 36. Nxb4 Rxb4 37. Kd3 Kg7 38. h4 f6 39. f4 f5 40. Rc7+ Kh6 41. Re7 fxe4+ 42. Rxe4 Rb2 43. Re2 Rb4 44. g3 Rb7 45. Rc2 Kg7 46. Rc3 Ra7 47. Rc6 Ra4 48. Kc3 Kf7 49. Kb3 Ra8 50. Kb4 Re8 51. Rc3 Re2 52. Kxa3 Kf6 53. Kb3 Kf5 54. Rc5+ Kf6 55. a4 Re1 56. a5 Ra1 57. Kb4 Rb1+ 58. Ka4 Rb2 59. a6 1-0

[Event "47th GRE-chT 2019"]
[Site "Patra"]
[Date "2019.07.05"]
[Round "6.5"]
[White "Grapsa, Georgia"]
[Black "Botsari, Anna-Maria"]
[Result "1/2-1/2"]
[ECO "C77"]
[WhiteElo "2038"]
[BlackElo "2233"]
[Annotator "NA"]
[PlyCount "26"]
[EventDate "2019.07.02"]
[EventCountry "GRE"]
[SourceTitle "playchess.com"]
[Source "ChessBase"]
[SourceQuality "1"]
[TimeControl "5400+30"]

1. e4 e5 2. Nf3 Nc6 3. Bb5 a6 4. Ba4 Nf6 5. O-O b5 6. Bb3 Be7 7. d3 d6 8. c3 O-O 9. Nbd2 Re8 10. Ng5 Rf8 11. Ngf3 Re8 12. Ng5 Rf8 13. Ngf3 Re8 1/2-1/2

[Event "47th GRE-chT 2019"]
[Site "Patra"]
[Date "2019.07.05"]
[Round "6.6"]
[White "Avramidou, Anastasia"]
[Black "Petraki, Evaggelia"]
[Result "1-0"]
[ECO "E60"]
[WhiteElo "2260"]
[BlackElo "1785"]
[Annotator "NA"]
[PlyCount "57"]
[EventDate "2019.07.02"]
[EventCountry "GRE"]
[SourceTitle "playchess.com"]
[Source "ChessBase"]
[SourceQuality "1"]
[TimeControl "5400+30"]

1. Nf3 Nf6 2. c4 c5 3. g3 g6 4. Bg2 Bg7 5. O-O O-O 6. d4 d6 7. b3 Qc7 8. Bb2 Nbd7 9. Nc3 a6 10. Qd2 b6 11. d5 Rb8 12. a4 Rd8 13. Rae1 Nf8 14. e4 e5 15. Nh4 Qe7 16. Kh1 Bd7 17. f4 exf4 18. Nf5 Bxf5 19. exf5 Qd7 20. Qxf4 Qxf5 21. Qd2 Qd7 22. Rxf6 Bxf6 23. Ne4 Bg7 24. Bxg7 Kxg7 25. Qc3+ Kh6 26. Nf6 Qf5 27. Ng8+ Kg5 28. h4+ Kh5 29. g4+ 1-0

[Event "47th GRE-chT 2019"]
[Site "Patra"]
[Date "2019.07.05"]
[Round "6.6"]
[White "Vozinaki, Anthi - Maria"]
[Black "Kokkota, Fotini"]
[Result "1-0"]
[ECO "B94"]
[WhiteElo "2054"]
[BlackElo "1664"]
[Annotator "NA"]
[PlyCount "65"]
[EventDate "2019.07.02"]
[EventCountry "GRE"]
[SourceTitle "playchess.com"]
[Source "ChessBase"]
[SourceQuality "1"]
[TimeControl "5400+30"]

1. e4 c5 2. Nf3 d6 3. d4 cxd4 4. Nxd4 Nf6 5. Nc3 a6 6. Bg5 Nbd7 7. f4 Qc7 8. Qf3 b5 9. O-O-O Bb7 10. Bd3 h6 11. Bh4 e5 12. Nf5 b4 13. Bxf6 Nxf6 14. Nd5 Nxd5 15. exd5 g6 16. Ne3 O-O-O 17. f5 gxf5 18. Qxf5+ Kb8 19. Rhf1 Rd7 20. Kb1 Bc8 21. Rf3 a5 22. Rg3 Be7 23. Bb5 Bh4 24. Rf3 Re7 25. Qe4 Bg5 26. Nf5 Bxf5 27. Rxf5 Qc5 28. Bc6 Rg8 29. Re1 Bd2 30. Ref1 Rg7 31. R5f2 Bf4 32. Rxf4 f5 33. Rxf5 1-0

[Event "47th GRE-chT 2019"]
[Site "Patra"]
[Date "2019.07.05"]
[Round "6.7"]
[White "Dereka, Konstantina"]
[Black "Karavitaki, Evaggelia"]
[Result "0-1"]
[ECO "A61"]
[WhiteElo "1469"]
[BlackElo "1681"]
[Annotator "NA"]
[PlyCount "46"]
[EventDate "2019.07.02"]
[EventCountry "GRE"]
[SourceTitle "playchess.com"]
[Source "ChessBase"]
[SourceQuality "1"]
[TimeControl "5400+30"]

1. d4 Nf6 2. c4 e6 3. Nf3 c5 4. d5 exd5 5. cxd5 d6 6. Nc3 g6 7. e4 Bg7 8. Bd3 O-O 9. O-O Re8 10. Re1 Bg4 11. h3 Bxf3 12. Qxf3 Nbd7 13. Bc2 Ne5 14. Qg3 a6 15. a4 Rb8 16. a5 Nc4 17. f4 Nxa5 18. e5 dxe5 19. fxe5 Nh5 20. Qh2 Nc4 21. e6 fxe6 22. dxe6 Qd4+ 23. Kh1 Be5 0-1

[Event "47th GRE-chT 2019"]
[Site "Patra"]
[Date "2019.07.05"]
[Round "6.7"]
[White "Tsivelekidou, Anthoula Elpida"]
[Black "Arapkoule, Eirini"]
[Result "1-0"]
[ECO "D32"]
[WhiteElo "1298"]
[BlackElo "1370"]
[Annotator "NA"]
[PlyCount "67"]
[EventDate "2019.07.02"]
[EventCountry "GRE"]
[SourceTitle "playchess.com"]
[Source "ChessBase"]
[SourceQuality "1"]
[TimeControl "5400+30"]

1. d4 d5 2. c4 e6 3. Nc3 c5 4. cxd5 exd5 5. dxc5 d4 6. Ne4 Bxc5 7. Qa4+ Bd7 8. Qb3 Be7 9. Nf3 Bc6 10. Ng3 Nf6 11. Qc4 Bd5 12. Qxd4 Nc6 13. Qd1 O-O 14. e3 Bxf3 15. Qxd8 Raxd8 16. gxf3 Bb4+ 17. Ke2 Rfe8 18. Bg2 Nd4+ 19. Kf1 Nc2 20. Rb1 Nd4 21. a3 Rc8 22. axb4 Nb3 23. Ne2 Rc2 24. e4 Rd8 25. Ke1 Nd2 26. Ra1 Nb3 27. Rb1 Nd2 28. Kd1 Rxc1+ 29. Rxc1 Nb3+ 30. Kc2 Nxc1 31. Rxc1 Kf8 32. Rd1 Rc8+ 33. Kb3 Ke7 34. Nc3 1-0